 Dungeon Crawl Stone Soup version 0.25.1-8-g42b30a86e7 (webtiles) character file.

Game seed: 15616622080032952980

5366 Destapler the Thaumaturge (level 10, -10/66 HPs)
             Began as a Gnoll Wanderer on Dec 10, 2020.
             Was a High Priest of Ru.
             Mangled by a two-headed ogre
             ... wielding a +0 giant club
              (25 damage)
             ... on level 8 of the Dungeon.
             The game lasted 00:51:33 (11066 turns).

Destapler the Thaumaturge (Gnoll Wanderer)         Turns: 11066, Time: 00:51:34

Health: -10/66     AC:  8    Str: 19    XL:     10   Next: 65%
Magic:  2/7        EV: 16    Int: 14    God:    Ru [*****.]
Gold:   435        SH:  7    Dex: 27    Spells: 27/27 levels left

rFire    + . .     SeeInvis .   b - +4 trident of the Head {antimagic, rF+ Str+5}
rCold    . . .     Gourm    .   h - +0 buckler
rNeg     . . .     Faith    .   c - +1 ring mail
rPois    .         Spirit   .   (helmet restricted)
rElec    .         Reflect  .   u - +0 cloak
rCorr    .         Harm     .   (no gloves)
MR       .....                  (no boots)
Stlth    ++++......             A - amulet of the acrobat
HPRegen  0.21/turn              I - ring of stealth
MPRegen  0.10/turn              t - +6 ring of dexterity

@: exhausted, slowed, very slow
A: distributed training, antennae 1, fangs 1, agile 1, frail 1, evolution 1,
inability to use devices, inexperienced 1, strong nose
a: Draw Out Power, Power Leap, Apocalypse, Renounce Religion


You were on level 8 of the Dungeon.
You worshipped Ru.
Ru was extremely pleased with you.
You were not hungry.

You visited 1 branch of the dungeon, and saw 8 of its levels.
You also visited: Ossuary.

You collected 435 gold pieces.

Inventory:

Hand Weapons
 a - a +3 short sword of venom
 b - the +4 trident of the Head (weapon) {antimagic, rF+ Str+5}
   (You found it on level 6 of the Dungeon)

   It reduces the magical energy of the wielder, and disrupts the spells and
   magical abilities of those hit.
   Natural abilities and divine invocations are not affected.
   It affects your strength (+5).
   It protects you from fire.
Missiles
 i - 66 poisoned darts (quivered)
 y - 4 throwing nets
Armour
 c - a +1 ring mail (worn)
 h - a +0 buckler (worn)
 u - a +0 cloak (worn)
Jewellery
 n - an uncursed ring of magical power
 t - a +6 ring of dexterity (right hand)
 z - an uncursed ring of positive energy
 A - an amulet of the acrobat (around neck)
 I - a ring of stealth (left hand)
Scrolls
 d - 4 scrolls of teleportation
 e - 3 scrolls of identify
 g - 3 scrolls of enchant weapon
 v - a scroll of enchant armour
 x - 3 scrolls of remove curse
 C - 3 scrolls of magic mapping
 D - 2 scrolls of amnesia {unknown}
 E - 2 scrolls of holy word
Potions
 j - 3 potions of mutation
 k - 3 potions of flight
 m - a potion of heal wounds
 o - 4 potions of curing
 p - 4 potions of lignification
 q - a potion of might {unknown}
 r - a potion of haste {unknown}
 w - 5 potions of cancellation
 F - 2 potions of stabbing
 J - 2 potions of ambrosia
Comestibles
 f - 9 rations
 l - 2 chunks of flesh


   Skills:
 + Level 5.4 Fighting
 + Level 5.4 Short Blades
 + Level 5.4 Long Blades
 + Level 5.4 Axes
 + Level 5.4 Maces & Flails
 + Level 5.4 Polearms
 + Level 5.4 Staves
 + Level 5.4 Slings
 + Level 6.0 Bows
 + Level 5.4 Crossbows
 + Level 6.0 Throwing
 + Level 7.1 Armour
 + Level 5.4 Dodging
 + Level 5.4 Stealth
 + Level 6.0 Shields
 + Level 5.4 Unarmed Combat
 + Level 9.0 Spellcasting
 + Level 4.4 Conjurations
 + Level 4.4 Hexes
 + Level 4.4 Charms
 + Level 5.0 Summonings
 + Level 4.4 Necromancy
 + Level 4.4 Translocations
 + Level 5.0 Transmutations
 + Level 4.4 Fire Magic
 + Level 4.4 Ice Magic
 + Level 4.4 Air Magic
 + Level 4.4 Earth Magic
 + Level 4.4 Poison Magic
 + Level 5.9 Invocations
   Level 0.0 Evocations


You had 27 spell levels left.
You didn't know any spells.
Your spell library was empty.

Dungeon Overview and Level Annotations

Branches:
Dungeon (8/15)             Temple (0/1) D:5         Ossuary (visited)
   Lair: D:8-11

Altars:
Ashenzari
Elyvilon
Hepliaklqana
Okawaru
Ru
Xom

Annotations:
D:7 4 runed translucent doors
D:8 Gastronok


Innate Abilities, Weirdness & Mutations

Your experience applies equally to all skills.
You have very sharp teeth.
You are frail. (-10% HP)
You cannot study or use magical devices.
You are somewhat inexperienced. (-2 XL)
Your uncanny sense of smell can sniff out nearby items.
You have a pair of small antennae on your head.
You are agile. (Dex +2)
You evolve.


Message History

The air twists around and strikes you!!
Aiming: Power Leap
Press: ? - help, Dir - move target cursor You block the two-headed ogre's attack. x2
Gastronok waves his eye-stalks in wide circles.
The air twists around and strikes you!
* * * LOW HITPOINT WARNING * * *
You focus your will and illuminate Gastronok in retribution!
You feel much better. You block the two-headed ogre's attack.
The two-headed ogre hits you with a +0 giant spiked club!
Gastronok makes a strange noise.
You redirect Gastronok's attack!
Gastronok bites himself!!
You hit Gastronok.
Gastronok's magic leaks into the air.
You bite Gastronok, but do no damage.
Gastronok is moderately wounded.
The two-headed ogre hits you with a +0 giant club!!
* * * LOW HITPOINT WARNING * * *
The two-headed ogre hits you with a +0 giant spiked club!!
You die...

##....%.## #..
##.....>..### #..
####........... ##...
#..#..........# #8...
.........[....#
#...#####...........#
.........#...........#
..###..#........Ow..#
..........##....@...#
..........#..........#
.#........#.......[..#
.........)#..........#
#.........#..........#
#.?.......#..........#
.#........##........##
......#######......##
##......###


You could see Gastronok (corona) and a two-headed ogre.

Vanquished Creatures
  Harold (D:8)
  A two-headed ogre (D:7)
  Joseph (D:8)
  Prince Ribbit (D:6)
  2 hippogriffs (D:8)
  A spriggan (D:7)
  A sky beast (D:3)
  A black bear (D:7)
  2 ice beasts
  An orc warrior (D:7)
  2 phantoms
  3 ogres
  2 centaurs (D:8)
  4 bullfrogs
  A gnoll sergeant (D:6)
  A howler monkey (D:4)
  5 crimson imps
  3 bullfrog zombies (Ossuary)
  3 centaur zombies (Ossuary)
  An orc priest (D:6)
  3 orc wizards
  A gnoll shaman (D:4)
  3 hounds
  3 jellies
  15 mummies
  Jessica (D:3)
  5 iguanas
  5 worker ants
  A hound zombie (Ossuary)
  3 howler monkey zombies
  4 worker ant zombies (Ossuary)
  11 adders
  24 gnolls
  A shadow imp (D:8)
  An ooze (D:1)
  5 worms
  A dart slug (D:1)
  4 leopard geckos
  23 orcs
  8 bats
  3 giant cockroaches
  6 goblins
  7 hobgoblins
  9 jackals
  4 quokkas
  6 frilled lizards
  A giant cockroach zombie (Ossuary)
  A jackal zombie (D:6)
  11 kobolds
  2 leopard gecko zombies (Ossuary)
  2 quokka zombies (Ossuary)
  7 rats
218 creatures vanquished.

Vanquished Creatures (others)
  A bullfrog zombie (Ossuary)
  A worker ant (D:7)
  An orc (D:8)
  3 withered plants (Ossuary)
6 creatures vanquished.

Grand Total: 224 creatures vanquished

Notes
Turn   | Place    | Note
-------+----------+-------------------------------------------
     0 | D:1      | Destapler the Gnoll Wanderer began the quest for the Orb.
     0 | D:1      | Destapler set off with the following items: a +2 dagger, 2
                  | curare-tipped darts, a +0 ring mail, a scroll of
                  | teleportation, a ration
     0 | D:1      | Reached XP level 1. HP: 13/13 MP: 8/8
   135 | D:1      | Reached XP level 2. HP: 13/19 MP: 10/10
   539 | D:1      | Reached XP level 3. HP: 15/25 MP: 11/11
  1263 | D:2      | Reached skill level 1 in Invocations
  1573 | D:2      | Reached skill level 1 in Fighting
  1573 | D:2      | Reached skill level 1 in Short Blades
  1573 | D:2      | Reached skill level 1 in Long Blades
  1573 | D:2      | Reached skill level 1 in Axes
  1573 | D:2      | Reached skill level 1 in Maces & Flails
  1573 | D:2      | Reached skill level 1 in Polearms
  1573 | D:2      | Reached skill level 1 in Staves
  1573 | D:2      | Reached skill level 1 in Slings
  1573 | D:2      | Reached skill level 1 in Crossbows
  1573 | D:2      | Reached skill level 1 in Dodging
  1573 | D:2      | Reached skill level 1 in Stealth
  1573 | D:2      | Reached skill level 1 in Unarmed Combat
  1573 | D:2      | Reached skill level 1 in Evocations
  1574 | D:2      | Found a faded altar of an unknown god.
  1582 | D:2      | Became a worshipper of Ru the Awakened
  1597 | D:2      | Gained mutation: You are somewhat inexperienced. (-2 XL)
                  | [Ru sacrifice]
  1597 | D:2      | Reached XP level 2. HP: 21/21 MP: 19/19
  1597 | D:2      | Reached XP level 1. HP: 15/15 MP: 17/17
  1597 | D:2      | Reached * piety under Ru
  1597 | D:2      | Reached ** piety under Ru
  1652 | D:2      | Reached XP level 2. HP: 14/21 MP: 10/10
  2068 | D:3      | Reached XP level 3. HP: 23/26 MP: 11/11
  2146 | D:3      | Reached skill level 1 in Conjurations
  2146 | D:3      | Reached skill level 1 in Hexes
  2146 | D:3      | Reached skill level 1 in Charms
  2146 | D:3      | Reached skill level 1 in Necromancy
  2146 | D:3      | Reached skill level 1 in Translocations
  2146 | D:3      | Reached skill level 1 in Fire Magic
  2146 | D:3      | Reached skill level 1 in Ice Magic
  2146 | D:3      | Reached skill level 1 in Air Magic
  2146 | D:3      | Reached skill level 1 in Earth Magic
  2146 | D:3      | Reached skill level 1 in Poison Magic
  2147 | D:3      | Reached XP level 4. HP: 17/32 MP: 13/13
  2361 | D:3      | Noticed Jessica
  2716 | D:3      | Reached XP level 5. HP: 37/37 MP: 14/14
  2725 | D:3      | Killed Jessica
  2832 | D:3      | Noticed a sky beast
  2843 | D:3      | Killed a sky beast
  2843 | D:3      | Reached XP level 6. HP: 16/44 MP: 16/16
  3269 | D:3      | Reached skill level 5 in Armour
  4247 | D:4      | Noticed a phantom
  4250 | D:4      | Found a shimmering altar of Xom.
  4252 | D:4      | Found a shimmering altar of Xom.
  4252 | D:4      | Found a shimmering altar of Xom.
  4336 | D:4      | Reached XP level 7. HP: 18/50 MP: 18/18
  4544 | D:4      | Found a shimmering altar of Xom.
  4546 | D:4      | Found a shimmering altar of Xom.
  4554 | D:4      | Found a shimmering altar of Xom.
  4554 | D:4      | Found a shimmering altar of Xom.
  4559 | D:4      | Gained mutation: You are agile. (Dex +2) [potion of
                  | mutation]
  4559 | D:4      | Gained mutation: Your system is resistant to poisons.
                  | (rPois) [potion of mutation]
  4559 | D:4      | Gained mutation: You evolve. [potion of mutation]
  4560 | D:4      | Gained mutation: You cannot study or use magical devices.
                  | [Ru sacrifice]
  4560 | D:4      | Reached *** piety under Ru
  4560 | D:4      | Reached **** piety under Ru
  5417 | D:5      | Entered Level 5 of the Dungeon
  5660 | D:5      | Found an iron altar of Okawaru.
  5808 | D:5      | Reached XP level 8. HP: 35/57 MP: 19/19
  6543 | D:5      | Found a staircase to the Ecumenical Temple.
  6707 | D:5      | Gained mutation: You are frail. (-10% HP) [Ru sacrifice]
  6707 | D:5      | Reached ***** piety under Ru
  7107 | D:6      | Noticed Prince Ribbit
  7115 | D:6      | Killed Prince Ribbit
  7115 | D:6      | Reached skill level 8 in Spellcasting
  7421 | D:6      | Got a masterwork trident
  7445 | D:6      | Found a sand-covered staircase.
  7453 | Ossuary  | Entered an ossuary
  7496 | Ossuary  | Reached XP level 9. HP: 54/58 MP: 21/21
  8584 | D:6      | Found a white marble altar of Elyvilon.
  8611 | D:6      | Gained mutation: You have a pair of small antennae on your
                  | head. [evolution]
  8862 | D:7      | Reached skill level 5 in Bows
  8862 | D:7      | Reached skill level 5 in Throwing
  8862 | D:7      | Reached skill level 5 in Shields
  9177 | D:7      | Found a huge runed translucent gate.
  9178 | D:7      | Found a huge runed translucent gate.
  9178 | D:7      | Noticed a polar bear
  9188 | D:7      | Found a huge runed translucent gate.
  9188 | D:7      | Noticed a polar bear
  9188 | D:7      | Noticed a polar bear
  9189 | D:7      | Found a huge runed translucent gate.
  9189 | D:7      | Noticed a manticore
  9189 | D:7      | Noticed a polar bear
  9189 | D:7      | Noticed a polar bear
  9189 | D:7      | Noticed a polar bear
  9190 | D:7      | Noticed a polar bear
  9397 | D:7      | Found a hazy altar of Hepliaklqana.
  9671 | D:8      | Noticed a two-headed ogre
  9698 | D:7      | Killed a two-headed ogre
  9698 | D:7      | Reached skill level 5 in Invocations
  9698 | D:7      | Reached XP level 10. HP: 41/65 MP: 22/22
  9932 | D:7      | Lost mutation: Your system is resistant to poisons. (rPois)
                  | [evolution]
  9973 | D:8      | Identified the +4 trident of the Head {antimagic, rF+
                  | Str+5} (You found it on level 6 of the Dungeon)
 10149 | D:8      | Noticed Harold
 10161 | D:8      | Killed Harold
 10161 | D:8      | Reached skill level 5 in Fighting
 10161 | D:8      | Reached skill level 5 in Short Blades
 10161 | D:8      | Reached skill level 5 in Long Blades
 10161 | D:8      | Reached skill level 5 in Axes
 10161 | D:8      | Reached skill level 5 in Maces & Flails
 10161 | D:8      | Reached skill level 5 in Polearms
 10161 | D:8      | Reached skill level 5 in Staves
 10161 | D:8      | Reached skill level 5 in Slings
 10161 | D:8      | Reached skill level 5 in Crossbows
 10161 | D:8      | Reached skill level 5 in Dodging
 10161 | D:8      | Reached skill level 5 in Stealth
 10161 | D:8      | Reached skill level 5 in Unarmed Combat
 10179 | D:8      | HP: 3/66 [poisoned by Harold]
 10185 | D:8      | HP: 3/66 [poisoned by Harold]
 10193 | D:8      | HP: 2/66 [poisoned by Harold]
 10568 | D:8      | Found a shattered altar of Ashenzari.
 10739 | D:8      | Noticed Joseph
 10761 | D:8      | Killed Joseph
 10761 | D:8      | Reached skill level 9 in Spellcasting
 10880 | D:8      | Reached skill level 5 in Summonings
 10880 | D:8      | Reached skill level 5 in Transmutations
 11059 | D:8      | Noticed Gastronok
 11061 | D:8      | Noticed a two-headed ogre
 11066 | D:8      | Mangled by a two-headed ogre

Illustrated notes

Levels and vault maps discovered:
D:1:      nzn_arrival_settlement, layout_basic
D:2:      layout_loops_ring, chequers_ecumenical_altar_island
D:3:      minmay_razor_zed, layout_basic, roderic_serpentine_path,
          cheibrodos_gnoll_hut, uniq_jessica
D:4:      layout_basic, nicolae_xom_altar_mimics, first_ration,
          cheibrodos_sewer_entry_bend
D:5:      layout_layer_cave, lemuel_crystal_altar, minmay_temple_entry_fiery
D:6:      layout_basic, gup_ossuary_entry_pyramid, elyvilon_altar_4,
          uniq_prince_ribbit1
D:7:      lemuel_bear_cage, layout_cave_pools, kennysheep_little_box, the_bakery
D:8:      layout_rooms, evilmike_ruin_ashenzari, nicolae_overflow_hidden_temple,
          corexii_hall_statues_x, uniq_harold, uniq_gastronok, uniq_joseph

Skill      XL: |  1  2  3  4  5  6  7  8  9 10 |
---------------+-------------------------------+-----
Summonings     | 2 3 4 5 |  5.0
Transmutations | 2 3 4 5 |  5.0
Invocations    | 1 2 3 4 5 |  5.9
Fighting       | 1 2 3 4 5 |  5.4
Short Blades   | 1 2 3 4 5 |  5.4
Long Blades    | 1 2 3 4 5 |  5.4
Axes           | 1 2 3 4 5 |  5.4
Maces & Flails | 1 2 3 4 5 |  5.4
Polearms       | 1 2 3 4 5 |  5.4
Staves         | 1 2 3 4 5 |  5.4
Slings         | 1 2 3 4 5 |  5.4
Crossbows      | 1 2 3 4 5 |  5.4
Dodging        | 1 2 3 4 5 |  5.4
Stealth        | 1 2 3 4 5 |  5.4
Unarmed Combat | 1 2 3 4 5 |  5.4
Evocations     | 1 2 0 |  0.0
Conjurations   | 1 2 3 4 |  4.4
Hexes          | 1 2 3 4 |  4.4
Charms         | 1 2 3 4 |  4.4
Necromancy     | 1 2 3 4 |  4.4
Translocations | 1 2 3 4 |  4.4
Fire Magic     | 1 2 3 4 |  4.4
Ice Magic      | 1 2 3 4 |  4.4
Air Magic      | 1 2 3 4 |  4.4
Earth Magic    | 1 2 3 4 |  4.4
Poison Magic   | 1 2 3 4 |  4.4
Bows           | 3 4 5 6 |  6.0
Throwing       | 3 4 5 6 |  6.0
Shields        | 3 4 5 6 |  6.0
Armour         | 5 6 7 |  7.1
Spellcasting   | 8 9 |  9.0

Action                   |  1- 3 |  4- 6 |  7- 9 | 10-12 || total
-------------------------+-------+-------+-------+-------++-------
Melee: Dagger            |    11 |       |       |       ||    11
       Short sword       |   124 |   128 |   444 |    25 ||   721
       Bite              |    14 |    15 |    99 |    21 ||   149
       Punch             |       |     4 |     8 |       ||    12
       Trident           |       |       |       |    71 ||    71
Throw: Dart              |     2 |     3 |    25 |    10 ||    40
       Boomerang         |       |       |    40 |       ||    40
Invok: Sacrifice Experie |     1 |       |       |       ||     1
       Power Leap        |       |       |     7 |     4 ||    11
       Sacrifice Artific |       |       |     1 |       ||     1
       Sacrifice Health  |       |       |     1 |       ||     1
       Reject Sacrifices |       |       |     1 |       ||     1
  Use: Scroll            |     6 |     2 |     4 |     6 ||    18
       Potion            |       |     1 |     4 |     2 ||     7
 Stab: Sleeping          |     4 |     1 |     7 |     3 ||    15
       Invisible         |       |     3 |     4 |     1 ||     8
       Distracted        |       |       |     5 |       ||     5
       Paralysed         |       |       |     4 |     1 ||     5
  Eat: Chunk             |     4 |     6 |    11 |     5 ||    26
       Ration            |       |       |     2 |       ||     2
Armor: Ring mail         |    34 |    68 |    76 |    10 ||   188
Dodge: Dodged            |    81 |   115 |   190 |    48 ||   434
Block: Buckler           |       |       |    10 |    26 ||    36
